Saguenéens vs Sewer Rats
Created - February 5, 2019 at 22:23
Goals
|
Saguenéens |
0 |
2 |
3 |
1 |
6 |
Sewer Rats |
2 |
1 |
2 |
0 |
5 |
|
Shots
|
Saguenéens |
9 |
9 |
14 |
1 |
33 |
Sewer Rats |
12 |
6 |
7 |
0 |
25 |
|
1st period
1. Sewer Rats , Jonathan Marchessault 15 (Martin Frk 14, Ville Leino 42) at 5:24
2. Sewer Rats , Vincent Trocheck 14 (Mark Mancari 33, Jonathan Huberdeau 28) at 19:18
Penalties :
Craig Cunningham (Chi) for Boarding (Minor) at 0:48, Jarred Tinordi (Tol) for Boarding (Minor) at 9:15, Craig Cunningham (Chi) for High sticking (Minor) at 10:22
2nd period
3. Saguenéens , Craig Cunningham 11 (Mike Sauer 15, Martin Jones) at 1:36 (PP)
4. Sewer Rats , Jonathan Marchessault 16 (Ville Leino 43, Erik Condra 8) at 2:48
5. Saguenéens , Juraj Mikus 22 (Teemu Pulkkinen 11, Seth Jones 25) at 11:00
Penalties :
Daniel Carr (Tol) for Tripping (Minor) at 0:38, Juraj Mikus (Chi) for Hooking (Minor) at 8:02, Jonathan Huberdeau (Tol) for Roughing (Minor) at 12:54, Myles Bell (Chi) for Interference (Minor) at 16:21, John Ramage (Tol) for Holding (Minor) at 18:31
3rd period
6. Sewer Rats , Daniel Carr 11 (Erik Condra 9, William Karlsson 17) at 2:19
7. Saguenéens , Juraj Mikus 23 (Teemu Pulkkinen 12, Tobias Rieder 25) at 5:37
8. Sewer Rats , Dmitrij Jaskin 13 (Nick Cousins 12) at 8:24
9. Saguenéens , Rhett Rakhshani 12 (Nathan MacKinnon 31, Dalton Prout 23) at 12:24
10. Saguenéens , Craig Cunningham 12 (Bobby Sanguinetti 28, Dalton Prout 24) at 13:34 (SH)
Penalties :
Dalton Prout (Chi) for High sticking (Minor) at 6:02, Joel Edmundson (Tol) for Holding (Minor) at 10:06, Kyle Brodziak (Chi) for Hooking (Minor) at 12:46
Overtime #1
11. Saguenéens , Juraj Mikus 24 (Tobias Rieder 26, Luke Witkowski 46) at 0:53
Penalties :
No Penalty
Goalie Stats
Joe Cannata (Chi), 5 saves from 6 shots - (0.833), W, 6-4-1, 18:34 minutes
Martin Jones (Chi), 15 saves from 19 shots - (0.789), 42:19 minutes
Marek Mazanek (Tol), 27 saves from 33 shots - (0.818), OTL, 31-4-4, 60:53 minutes
Players Stats for Saguenéens
Player Name G A P +/- PIM S H SB GA TA FO MP PP MP PK MP
------------------------------------------------------------------------------------
Adam Erne 0 0 0 0 0 0 0 0 0 0 0/0 0:00 0:00 0:00
Bobby Sanguinetti 0 1 1 0 0 2 1 1 0 1 0/0 29:17 5:08 5:38
Carl Hagelin 0 0 0 0 0 0 0 0 0 0 0/0 0:00 0:00 0:00
Craig Cunningham 2 0 2 -1 4 4 4 0 0 0 0/0 19:22 4:46 1:44
Dalton Prout 0 2 2 1 2 2 0 3 0 0 0/0 27:58 4:45 4:17
Henrik Samuelsson 0 0 0 1 0 0 0 0 0 0 0/0 1:15 0:27 0:32
Jake McCabe 0 0 0 1 0 0 0 0 0 0 0/0 9:00 0:28 0:11
Jerry D'Amigo 0 0 0 0 0 0 1 0 0 0 0/0 6:36 0:19 0:00
Juraj Mikus 3 0 3 1 2 5 1 3 0 0 6/14 18:01 2:56 2:30
Kerby Rychel 0 0 0 0 0 0 1 0 0 0 0/0 8:36 0:00 0:00
Kyle Brodziak 0 0 0 -2 2 4 1 2 0 0 25/40 22:50 4:39 4:13
Luke Witkowski 0 1 1 -2 0 1 1 4 0 0 0/1 24:02 4:47 5:12
Mattias Janmark 0 0 0 0 0 0 0 0 0 0 0/0 0:19 0:19 0:00
Mike Sauer 0 1 1 -2 0 1 0 2 1 1 0/0 21:42 2:49 4:30
Mikhail Grigorenko 0 0 0 0 0 0 0 0 0 0 0/2 4:43 0:00 4:28
Myles Bell 0 0 0 0 2 0 0 0 0 0 0/0 6:22 0:00 0:00
Nathan MacKinnon 0 1 1 0 0 1 1 0 0 0 2/5 8:36 0:00 0:00
Nick Mattson 0 0 0 1 0 0 1 2 0 0 0/0 9:26 0:00 1:29
Nick Paul 0 0 0 0 0 0 0 0 0 0 0/0 0:00 0:00 0:00
Patrick Sieloff 0 0 0 1 0 0 0 0 0 0 0/0 3:41 0:05 0:46
Rhett Rakhshani 1 0 1 0 0 3 1 1 1 0 0/0 8:36 0:00 0:00
Seth Jones 0 1 1 -2 0 3 1 3 2 0 0/0 20:46 2:49 5:13
Tanner Richard 0 0 0 0 0 1 0 0 0 0 1/2 6:17 0:00 0:00
Teemu Pulkkinen 0 2 2 0 0 2 1 0 1 0 0/0 15:36 2:56 0:25
Tobias Rieder 0 2 2 1 0 4 0 0 0 0 0/0 18:31 2:56 3:00
Players Stats for Sewer Rats
Player Name G A P +/- PIM S H SB GA TA FO MP PP MP PK MP
------------------------------------------------------------------------------------
Anthony Duclair 0 0 0 -1 0 4 0 1 0 0 0/0 7:54 0:00 0:00
Connor Carrick 0 0 0 -1 0 0 0 0 0 1 0/0 2:52 0:00 0:00
Daniel Carr 1 0 1 1 2 1 2 0 0 0 0/0 9:14 0:25 0:26
Dmitrij Jaskin 1 0 1 -1 0 2 0 1 0 0 0/0 7:58 0:00 0:00
Erik Condra 0 2 2 -1 0 2 1 0 0 0 0/0 15:46 5:26 1:56
Jarred Tinordi 0 0 0 -1 2 0 1 2 0 1 0/0 20:18 4:47 2:46
Joel Edmundson 0 0 0 -1 2 0 0 1 0 1 0/0 20:01 4:45 2:11
John Ramage 0 0 0 2 2 0 0 1 0 1 0/0 9:00 0:00 0:00
Jonathan Huberdeau 0 1 1 -1 2 2 0 0 0 0 0/0 20:43 5:26 1:50
Jonathan Marchessault 2 0 2 0 0 4 0 1 1 0 5/10 16:27 5:26 0:00
Mark Mancari 0 1 1 1 0 4 1 0 1 0 2/4 24:16 5:23 4:58
Martin Frk 0 1 1 1 0 0 0 0 0 0 0/0 12:30 0:00 1:13
Matt Lashoff 0 0 0 0 0 0 2 2 0 0 0/0 28:59 6:17 5:13
Nick Cousins 0 1 1 -1 0 1 1 1 0 0 2/4 7:54 0:00 0:00
Ryan Murphy 0 0 0 2 0 0 0 1 0 0 0/0 9:04 0:00 0:41
Steven Kampfer 0 0 0 0 0 1 1 1 0 1 0/0 28:59 6:17 5:13
Ville Leino 0 2 2 1 0 3 2 0 0 0 5/11 23:27 5:24 5:11
Vincent Trocheck 1 0 1 1 0 1 0 1 0 0 11/27 17:58 5:21 0:30
William Karlsson 0 1 1 1 0 0 0 0 0 0 5/8 8:21 0:13 0:00
Xavier Ouellet 0 0 0 -1 0 0 0 0 0 0 0/0 2:52 0:00 0:00
3 Stars
1 - Juraj Mikus (Chi)
2 - Jonathan Marchessault (Tol)
3 - Craig Cunningham (Chi)
Power Play
Saguenéens - 1 on 5 Attempt(s) - 20.00%
Sewer Rats - 0 on 6 Attempt(s) - 0.00%
Penalty Kill
Saguenéens - 6 on 6 Attempt(s) - 100.00%
- Score 1 goal in Penalty Kill
Sewer Rats - 4 on 5 Attempt(s) - 80.00%
- Score 0 goal in Penalty Kill
Team Stat
Saguenéens - Hits : 15 - Faceoff Wins : 34 - Blocked Shots : 21 - Penalty Minutes : 12
Sewer Rats - Hits : 11 - Faceoff Wins : 30 - Blocked Shots : 13 - Penalty Minutes : 10
Official
Referees : Unknown
Linesman : Unknown
Game Notes
19:18 of 1st period - Sewer Rats goal is going for a video replay. After video review, Goal.
Joe Cannata enters game at 2:19 of 3rd period
Juraj Mikus has scored a Hat Trick!
Finance
Level 1 -- Attendance: 1448 (72.40%) -- Ticket Income $50,680
Level 2 -- Attendance: 842 (84.20%) -- Ticket Income $14,314
Total Attendance: 2290 (76.33%)
Total Ticket Income: $64,994
Other Income: $3,250
Total Income: $68,244
Saguenéens
5 vs 5 Forward
Center Left Wing Right Wing Time % Phy DF OF
1 Kyle Brodziak Craig Cunningham Luke Witkowski 40 1 2 2
2 Juraj Mikus Teemu Pulkkinen Tobias Rieder 30 1 2 2
3 Nathan MacKinnon Kerby Rychel Rhett Rakhshani 20 1 2 2
4 Tanner Richard Myles Bell Jerry D'Amigo 10 1 2 2
5 vs 5 Defense
Defense Defense Time % Phy DF OF
1 Dalton Prout Bobby Sanguinetti 40 1 2 2
2 Mike Sauer Seth Jones 30 1 2 2
3 Jake McCabe Nick Mattson 20 1 2 2
4 Patrick Sieloff Dalton Prout 10 1 2 2
PowerPlay Forward
Center Left Wing Right Wing Time % Phy DF OF
1 Kyle Brodziak Craig Cunningham Luke Witkowski 60 1 2 2
2 Juraj Mikus Teemu Pulkkinen Tobias Rieder 40 1 2 2
PowerPlay Defense
Defense Defense Time % Phy DF OF
1 Dalton Prout Bobby Sanguinetti 60 1 2 2
2 Mike Sauer Seth Jones 40 1 2 2
Penalty Kill 4 Players Forward
Center Wing Time % Phy DF OF
1 Kyle Brodziak Luke Witkowski 60 1 2 2
2 Tobias Rieder Juraj Mikus 40 1 2 2
Penalty Kill 4 Players Defense
Defense Defense Time % Phy DF OF
1 Dalton Prout Bobby Sanguinetti 60 1 2 2
2 Mike Sauer Seth Jones 40 1 2 2
Penalty Kill - 3 Players Forward
Forward Time % Phy DF OF
1 Kyle Brodziak 60 1 2 2
2 Luke Witkowski 40 1 2 2
Penalty Kill - 3 Players Defense
Defense Defense Time % Phy DF OF
1 Dalton Prout Bobby Sanguinetti 60 1 2 2
2 Mike Sauer Seth Jones 40 1 2 2
4 vs 4 Forward
Center Wing Time % Phy DF OF
1 Kyle Brodziak Luke Witkowski 60 1 2 2
2 Tobias Rieder Juraj Mikus 40 1 2 2
4 vs 4 Defense
Defense Defense Time % Phy DF OF
1 Dalton Prout Bobby Sanguinetti 60 1 2 2
2 Mike Sauer Seth Jones 40 1 2 2
Last Minutes Offensive
Center Left Wing Right Wing Defense Defense
Kyle Brodziak Craig Cunningham Luke Witkowski Dalton Prout Bobby Sanguinetti
Last Minutes Defensive
Center Left Wing Right Wing Defense Defense
Kyle Brodziak Craig Cunningham Luke Witkowski Dalton Prout Bobby Sanguinetti
Goaltenders
Starting : Martin Jones
Backup : Joe Cannata
Extra Forwards
Normal : Henrik Samuelsson, Mattias Janmark, Mikhail Grigorenko - PP : Henrik Samuelsson, Mattias Janmark - PK : Mikhail Grigorenko
Extra Defensemen
Normal : Jake McCabe, Nick Mattson, Patrick Sieloff - PP : Jake McCabe - PK : Nick Mattson, Patrick Sieloff
Penalty Shots
Kyle Brodziak, Luke Witkowski, Tobias Rieder, Juraj Mikus, Rhett Rakhshani
Scratches
Dylan Labbe (Healthy), Calle Andersson (Healthy)
Sewer Rats
5 vs 5 Forward
Center Left Wing Right Wing Time % Phy DF OF
1 Vincent Trocheck Jonathan Huberdeau Mark Mancari 40 1 2 2
2 Jonathan Marchessault Ville Leino Martin Frk 30 1 2 2
3 William Karlsson Daniel Carr Erik Condra 20 1 2 2
4 Nick Cousins Anthony Duclair Dmitrij Jaskin 10 1 2 2
5 vs 5 Defense
Defense Defense Time % Phy DF OF
1 Matt Lashoff Steven Kampfer 40 1 2 2
2 Jarred Tinordi Joel Edmundson 30 1 2 2
3 John Ramage Ryan Murphy 20 1 2 2
4 Connor Carrick Xavier Ouellet 10 1 2 2
PowerPlay Forward
Center Left Wing Right Wing Time % Phy DF OF
1 Vincent Trocheck Ville Leino Mark Mancari 60 1 2 2
2 Jonathan Marchessault Jonathan Huberdeau Erik Condra 40 1 2 2
PowerPlay Defense
Defense Defense Time % Phy DF OF
1 Matt Lashoff Steven Kampfer 60 1 2 2
2 Jarred Tinordi Joel Edmundson 40 1 2 2
Penalty Kill 4 Players Forward
Center Wing Time % Phy DF OF
1 Ville Leino Mark Mancari 60 1 2 2
2 Erik Condra Jonathan Huberdeau 40 1 2 2
Penalty Kill 4 Players Defense
Defense Defense Time % Phy DF OF
1 Matt Lashoff Steven Kampfer 60 1 2 2
2 Jarred Tinordi Joel Edmundson 40 1 2 2
Penalty Kill - 3 Players Forward
Forward Time % Phy DF OF
1 Ville Leino 60 1 2 2
2 Mark Mancari 40 1 2 2
Penalty Kill - 3 Players Defense
Defense Defense Time % Phy DF OF
1 Matt Lashoff Steven Kampfer 60 1 2 2
2 Jarred Tinordi Joel Edmundson 40 1 2 2
4 vs 4 Forward
Center Wing Time % Phy DF OF
1 Ville Leino Mark Mancari 60 1 2 2
2 Erik Condra Jonathan Huberdeau 40 1 2 2
4 vs 4 Defense
Defense Defense Time % Phy DF OF
1 Matt Lashoff Steven Kampfer 60 1 2 2
2 Jarred Tinordi Joel Edmundson 40 1 2 2
Last Minutes Offensive
Center Left Wing Right Wing Defense Defense
Vincent Trocheck Ville Leino Mark Mancari Matt Lashoff Steven Kampfer
Last Minutes Defensive
Center Left Wing Right Wing Defense Defense
Vincent Trocheck Ville Leino Mark Mancari Matt Lashoff Steven Kampfer
Goaltenders
Starting : Marek Mazanek
Backup : Antoine Bibeau
Extra Forwards
Normal : Daniel Carr, William Karlsson, Martin Frk - PP : Daniel Carr, William Karlsson - PK : Martin Frk
Extra Defensemen
Normal : John Ramage, Ryan Murphy, Connor Carrick - PP : John Ramage - PK : Ryan Murphy, Connor Carrick
Penalty Shots
Ville Leino, Mark Mancari, Erik Condra, Jonathan Huberdeau, Vincent Trocheck
Scratches
Dominik Kubalik (Healthy), Josh Archibald (Healthy), Jonathan Racine (Healthy), Joseph Blandisi (Healthy), Tyler Motte (Healthy)
Chris Calhan (Healthy), Sergei Kostenko (Healthy)
% Time on Ice - Saguenéens
Lines # - Real PCT - Wanted PCT - Time Play
Normal Forward
1 - 32% - 40% - 12:57
2 - 31% - 30% - 12:14
3 - 21% - 20% - 8:36
4 - 16% - 10% - 6:17
Normal Defense
1 - 43% - 40% - 17:06
2 - 31% - 30% - 12:25
3 - 20% - 20% - 7:57
4 - 6% - 10% - 2:36
PP Forward
1 - 63% - 60% - 5:06
2 - 37% - 40% - 2:56
PP Defense
1 - 65% - 60% - 5:13
2 - 35% - 40% - 2:49
PK Forward
1 - 73% - 60% - 8:02
2 - 27% - 40% - 3:00
PK Defense
1 - 53% - 60% - 5:49
2 - 47% - 40% - 5:13
PK3 Forward
1 - 0% - 60%
2 - 0% - 40%
PK3 Defense
1 - 0% - 60%
2 - 0% - 40%
44 Forward
1 - 80% - 60% - 1:24
2 - 20% - 40% - 0:21
44 Defense
1 - 82% - 60% - 1:26
2 - 18% - 40% - 0:19
Last Minute Offensive - 0:00
Last Minute Defensive - 0:00
Total
Forward - 60:53
Defense - 60:53
|
% Time on Ice - Sewer Rats
Lines # - Real PCT - Wanted PCT - Time Play
Normal Forward
1 - 32% - 40% - 12:48
2 - 28% - 30% - 11:25
3 - 20% - 20% - 7:57
4 - 20% - 10% - 7:54
Normal Defense
1 - 41% - 40% - 16:24
2 - 31% - 30% - 12:26
3 - 21% - 20% - 8:22
4 - 7% - 10% - 2:52
PP Forward
1 - 51% - 60% - 5:36
2 - 49% - 40% - 5:26
PP Defense
1 - 57% - 60% - 6:17
2 - 43% - 40% - 4:45
PK Forward
1 - 76% - 60% - 6:06
2 - 24% - 40% - 1:56
PK Defense
1 - 65% - 60% - 5:13
2 - 35% - 40% - 2:49
PK3 Forward
1 - 0% - 60%
2 - 0% - 40%
PK3 Defense
1 - 0% - 60%
2 - 0% - 40%
44 Forward
1 - 78% - 60% - 1:22
2 - 22% - 40% - 0:23
44 Defense
1 - 62% - 60% - 1:05
2 - 38% - 40% - 0:40
Last Minute Offensive - 0:00
Last Minute Defensive - 0:00
Total
Forward - 60:53
Defense - 60:53
|
Play-by-Play
1st period
0:01 of 1st period - Kyle Brodziak wins face-off versus Vincent Trocheck in neutral zone.
0:16 of 1st period - Snap shot by Luke Witkowski.
0:16 of 1st period - Shot Misses the Net.
0:48 of 1st period - Minor Penalty to Craig Cunningham for Boarding.
0:49 of 1st period - Vincent Trocheck wins face-off versus Kyle Brodziak in Saguenéens zone.
0:50 of 1st period - Snap shot by Ville Leino.
0:50 of 1st period - Shot Misses the Net.
0:56 of 1st period - Slapshot by Mark Mancari.
0:56 of 1st period - Stopped by Martin Jones with a rebound.
0:58 of 1st period - Snap shot by Vincent Trocheck.
0:58 of 1st period - Deflect By Mark Mancari.
0:58 of 1st period - Shot Misses the Net.
0:58 of 1st period - Puck is out of play.
0:59 of 1st period - Kyle Brodziak wins face-off versus Vincent Trocheck in Saguenéens zone.
1:34 of 1st period - Snap shot by Erik Condra.
1:34 of 1st period - Stopped by Martin Jones with a rebound.
2:48 of 1st period - Penalty to Craig Cunningham is over, Craig Cunningham is back on ice.
3:04 of 1st period - Snap shot by Rhett Rakhshani.
3:04 of 1st period - Shot Misses the Net.
4:00 of 1st period - Slapshot by Nathan MacKinnon.
4:00 of 1st period - Stopped by Marek Mazanek without a rebound.
4:01 of 1st period - Nathan MacKinnon wins face-off versus Vincent Trocheck in Sewer Rats zone.
4:30 of 1st period - Icing by Tobias Rieder.
4:31 of 1st period - Juraj Mikus wins face-off versus Jonathan Marchessault in Saguenéens zone.
4:55 of 1st period - Juraj Mikus is hit by Ville Leino.
5:08 of 1st period - Wrist shot by Tobias Rieder.
5:08 of 1st period - Deflect By Teemu Pulkkinen.
5:08 of 1st period - Stopped by Marek Mazanek with a rebound.
5:16 of 1st period - Wrist shot by Ville Leino.
5:16 of 1st period - Shot Blocked by Bobby Sanguinetti.
5:24 of 1st period - Snap shot by Jonathan Marchessault.
5:24 of 1st period - Goal by Jonathan Marchessault - Saguenéens : 0 - Sewer Rats : 1.
5:25 of 1st period - Kyle Brodziak wins face-off versus Vincent Trocheck in neutral zone.
5:36 of 1st period - Snap shot by Jonathan Huberdeau.
5:36 of 1st period - Shot Misses the Net.
5:38 of 1st period - Slapshot by Jonathan Huberdeau.
5:38 of 1st period - Shot Blocked by Seth Jones.
5:40 of 1st period - Snap shot by Mark Mancari.
5:40 of 1st period - Shot Blocked by Luke Witkowski.
5:52 of 1st period - Snap shot by Anthony Duclair.
5:52 of 1st period - Stopped by Martin Jones without a rebound.
5:53 of 1st period - Nick Cousins wins face-off versus Juraj Mikus in Saguenéens zone.
5:54 of 1st period - Snap shot by Dmitrij Jaskin.
5:54 of 1st period - Shot Misses the Net.
6:02 of 1st period - Snap shot by Tobias Rieder.
6:02 of 1st period - Stopped by Marek Mazanek with a rebound.
6:04 of 1st period - Slapshot by Dalton Prout.
6:04 of 1st period - Stopped by Marek Mazanek without a rebound.
6:05 of 1st period - Vincent Trocheck wins face-off versus Kyle Brodziak in Sewer Rats zone.
6:58 of 1st period - Off-side.
6:59 of 1st period - William Karlsson wins face-off versus Juraj Mikus in neutral zone.
7:02 of 1st period - Wrist shot by Erik Condra.
7:02 of 1st period - Stopped by Martin Jones with a rebound.
7:04 of 1st period - Snap shot by William Karlsson.
7:04 of 1st period - Shot Misses the Net.
7:06 of 1st period - Wrist shot by William Karlsson.
7:06 of 1st period - Shot Blocked by Juraj Mikus.
7:08 of 1st period - Snap shot by William Karlsson.
7:08 of 1st period - Shot Misses the Net.
7:10 of 1st period - Slapshot by Daniel Carr.
7:10 of 1st period - Shot Misses the Net.
7:12 of 1st period - Slapshot by Joel Edmundson.
7:12 of 1st period - Shot Blocked by Nick Mattson.
7:24 of 1st period - Jonathan Huberdeau is hit by Luke Witkowski and loses puck.
8:25 of 1st period - Snap shot by Mark Mancari.
8:25 of 1st period - Stopped by Martin Jones without a rebound.
8:26 of 1st period - Vincent Trocheck wins face-off versus Juraj Mikus in Saguenéens zone.
8:33 of 1st period - Wrist shot by Mark Mancari.
8:33 of 1st period - Stopped by Martin Jones with a rebound.
8:49 of 1st period - Snap shot by Juraj Mikus.
8:49 of 1st period - Shot Blocked by Matt Lashoff.
8:55 of 1st period - Wrist shot by Teemu Pulkkinen.
8:55 of 1st period - Shot Misses the Net.
8:57 of 1st period - Wrist shot by Juraj Mikus.
8:57 of 1st period - Shot Misses the Net.
8:59 of 1st period - Slapshot by Dalton Prout.
8:59 of 1st period - Shot Misses the Net.
9:05 of 1st period - Wrist shot by Juraj Mikus.
9:05 of 1st period - Shot Blocked by Vincent Trocheck.
9:09 of 1st period - Snap shot by Juraj Mikus.
9:09 of 1st period - Deflect By Tobias Rieder.
9:09 of 1st period - Stopped by Marek Mazanek with a rebound.
9:11 of 1st period - Slapshot by Juraj Mikus.
9:11 of 1st period - Stopped by Marek Mazanek without a rebound.
9:12 of 1st period - Jonathan Marchessault wins face-off versus Kyle Brodziak in Sewer Rats zone.
9:12 of 1st period - Jonathan Marchessault is hit by Nick Mattson.
9:15 of 1st period - Minor Penalty to Jarred Tinordi for Boarding.
9:16 of 1st period - Kyle Brodziak wins face-off versus Mark Mancari in Sewer Rats zone.
9:33 of 1st period - Icing by Kyle Brodziak.
9:34 of 1st period - Ville Leino wins face-off versus Kyle Brodziak in Saguenéens zone.
10:22 of 1st period - Minor Penalty to Craig Cunningham for High sticking.
10:23 of 1st period - Ville Leino wins face-off versus Kyle Brodziak in Saguenéens zone.
11:15 of 1st period - Penalty to Jarred Tinordi is over, Jarred Tinordi is back on ice.
11:49 of 1st period - Icing by Vincent Trocheck.
11:50 of 1st period - Vincent Trocheck wins face-off versus Kyle Brodziak in Sewer Rats zone.
12:22 of 1st period - Penalty to Craig Cunningham is over, Craig Cunningham is back on ice.
12:39 of 1st period - Slapshot by Matt Lashoff.
12:39 of 1st period - Shot Blocked by Rhett Rakhshani.
12:53 of 1st period - Slapshot by Jerry D'Amigo.
12:53 of 1st period - Deflect By Tanner Richard.
12:53 of 1st period - Shot Misses the Net.
12:53 of 1st period - Puck is out of play.
12:54 of 1st period - Jonathan Marchessault wins face-off versus Tanner Richard in Sewer Rats zone.
13:11 of 1st period - Tanner Richard is hit by Ville Leino and loses puck.
13:18 of 1st period - Martin Frk is hit by Bobby Sanguinetti and loses puck.
13:39 of 1st period - Snap shot by Ville Leino.
13:39 of 1st period - Shot Misses the Net.
13:57 of 1st period - Joel Edmundson is hit by Jerry D'Amigo and loses puck.
14:08 of 1st period - Slapshot by Mike Sauer.
14:08 of 1st period - Shot Blocked by Joel Edmundson.
14:10 of 1st period - Snap shot by Seth Jones.
14:10 of 1st period - Shot Misses the Net.
14:12 of 1st period - Slapshot by Mike Sauer.
14:12 of 1st period - Shot Blocked by Jonathan Marchessault.
14:21 of 1st period - Icing by Ville Leino.
14:22 of 1st period - Ville Leino wins face-off versus Kyle Brodziak in Sewer Rats zone.
14:47 of 1st period - Snap shot by Mark Mancari.
14:47 of 1st period - Shot Blocked by Dalton Prout.
14:49 of 1st period - Slapshot by Jarred Tinordi.
14:49 of 1st period - Shot Blocked by Dalton Prout.
14:51 of 1st period - Snap shot by Jonathan Huberdeau.
14:51 of 1st period - Shot Blocked by Dalton Prout.
14:57 of 1st period - Snap shot by Jonathan Huberdeau.
14:57 of 1st period - Stopped by Martin Jones without a rebound.
14:58 of 1st period - Kyle Brodziak wins face-off versus Vincent Trocheck in Saguenéens zone.
15:23 of 1st period - Juraj Mikus is hit by Matt Lashoff and loses puck.
15:42 of 1st period - Slapshot by Matt Lashoff.
15:42 of 1st period - Shot Misses the Net.
15:48 of 1st period - Matt Lashoff is hit by Rhett Rakhshani.
15:52 of 1st period - Slapshot by Steven Kampfer.
15:52 of 1st period - Shot Misses the Net.
16:12 of 1st period - Slapshot by Kyle Brodziak.
16:12 of 1st period - Stopped by Marek Mazanek without a rebound.
16:13 of 1st period - William Karlsson wins face-off versus Juraj Mikus in Sewer Rats zone.
16:22 of 1st period - Wrist shot by Daniel Carr.
16:22 of 1st period - Shot Misses the Net.
17:06 of 1st period - Backhand shot by Nick Cousins.
17:06 of 1st period - Shot Hit the Post.
17:08 of 1st period - Wrist shot by Anthony Duclair.
17:08 of 1st period - Stopped by Martin Jones with a rebound.
17:38 of 1st period - Snap shot by Tobias Rieder.
17:38 of 1st period - Stopped by Marek Mazanek without a rebound.
17:39 of 1st period - Juraj Mikus wins face-off versus Vincent Trocheck in Sewer Rats zone.
17:40 of 1st period - Snap shot by Teemu Pulkkinen.
17:40 of 1st period - Shot Blocked by Jarred Tinordi.
18:02 of 1st period - Icing by Jonathan Marchessault.
18:03 of 1st period - Jonathan Marchessault wins face-off versus Luke Witkowski in Sewer Rats zone.
18:24 of 1st period - Snap shot by Jonathan Marchessault.
18:24 of 1st period - Shot Blocked by Seth Jones.
18:26 of 1st period - Wrist shot by Ville Leino.
18:26 of 1st period - Shot Blocked by Mike Sauer.
18:28 of 1st period - Wrist shot by Jonathan Marchessault.
18:28 of 1st period - Stopped by Martin Jones with a rebound.
18:42 of 1st period - Ville Leino is hit by Seth Jones.
19:00 of 1st period - Snap shot by Seth Jones.
19:00 of 1st period - Deflect By Ville Leino.
19:00 of 1st period - Stopped by Marek Mazanek with a rebound.
19:16 of 1st period - Snap shot by Mark Mancari.
19:16 of 1st period - Stopped by Martin Jones with a rebound.
19:18 of 1st period - Wrist shot by Vincent Trocheck.
19:18 of 1st period - Sewer Rats goal is going for a video replay.
19:18 of 1st period - The goal is good.
19:18 of 1st period - Goal by Vincent Trocheck - Saguenéens : 0 - Sewer Rats : 2.
19:19 of 1st period - Kyle Brodziak wins face-off versus Vincent Trocheck in neutral zone.
19:22 of 1st period - Mark Mancari is hit by Craig Cunningham and loses puck.
19:45 of 1st period - Luke Witkowski is hit by Matt Lashoff and loses puck.
Goals for this period are 0 for Saguenéens vs 2 for Sewer Rats.
Shots for this period are 9 for Saguenéens vs 12 for Sewer Rats.
2nd period
0:01 of 2nd period - Vincent Trocheck wins face-off versus Kyle Brodziak in neutral zone.
0:26 of 2nd period - Tobias Rieder is hit by Erik Condra and loses puck.
0:38 of 2nd period - Minor Penalty to Daniel Carr for Tripping.
0:39 of 2nd period - Kyle Brodziak wins face-off versus Ville Leino in Sewer Rats zone.
0:49 of 2nd period - Wrist shot by Craig Cunningham.
0:49 of 2nd period - Shot Misses the Net.
1:36 of 2nd period - Wrist shot by Craig Cunningham.
1:36 of 2nd period - Goal by Craig Cunningham - Saguenéens : 1 - Sewer Rats : 2.
1:37 of 2nd period - Kyle Brodziak wins face-off versus Vincent Trocheck in neutral zone.
2:48 of 2nd period - Slapshot by Jonathan Marchessault.
2:48 of 2nd period - Goal by Jonathan Marchessault - Saguenéens : 1 - Sewer Rats : 3.
2:49 of 2nd period - Kyle Brodziak wins face-off versus Jonathan Marchessault in neutral zone.
2:52 of 2nd period - Steven Kampfer is hit by Kyle Brodziak and loses puck.
4:07 of 2nd period - Wrist shot by Craig Cunningham.
4:07 of 2nd period - Stopped by Marek Mazanek with a rebound.
4:09 of 2nd period - Snap shot by Kyle Brodziak.
4:09 of 2nd period - Stopped by Marek Mazanek with a rebound.
4:11 of 2nd period - Slapshot by Dalton Prout.
4:11 of 2nd period - Deflect By Kyle Brodziak.
4:11 of 2nd period - Stopped by Marek Mazanek with a rebound.
4:35 of 2nd period - Wrist shot by Ville Leino.
4:35 of 2nd period - Stopped by Martin Jones with a rebound.
4:51 of 2nd period - Steven Kampfer is hit by Nathan MacKinnon and loses puck.
5:12 of 2nd period - Slapshot by Daniel Carr.
5:12 of 2nd period - Shot Blocked by Mike Sauer.
5:24 of 2nd period - Wrist shot by Dmitrij Jaskin.
5:24 of 2nd period - Stopped by Martin Jones with a rebound.
5:26 of 2nd period - Slapshot by Connor Carrick.
5:26 of 2nd period - Shot Misses the Net.
5:28 of 2nd period - Slapshot by Xavier Ouellet.
5:28 of 2nd period - Shot Misses the Net.
5:30 of 2nd period - Snap shot by Anthony Duclair.
5:30 of 2nd period - Stopped by Martin Jones with a rebound.
5:32 of 2nd period - Snap shot by Anthony Duclair.
5:32 of 2nd period - Shot Blocked by Kyle Brodziak.
5:49 of 2nd period - Jerry D'Amigo is hit by Steven Kampfer and loses puck.
7:02 of 2nd period - Snap shot by Craig Cunningham.
7:02 of 2nd period - Shot Misses the Net.
7:04 of 2nd period - Wrist shot by Mike Sauer.
7:04 of 2nd period - Shot Blocked by Nick Cousins.
8:02 of 2nd period - Minor Penalty to Juraj Mikus for Hooking.
8:03 of 2nd period - Kyle Brodziak wins face-off versus Vincent Trocheck in Saguenéens zone.
10:02 of 2nd period - Penalty to Juraj Mikus is over, Juraj Mikus is back on ice.
10:08 of 2nd period - Nick Mattson is hit by Nick Cousins and loses puck.
10:50 of 2nd period - Wrist shot by Juraj Mikus.
10:50 of 2nd period - Shot Misses the Net.
10:52 of 2nd period - Slapshot by Mike Sauer.
10:52 of 2nd period - Stopped by Marek Mazanek with a rebound.
10:54 of 2nd period - Slapshot by Teemu Pulkkinen.
10:54 of 2nd period - Shot Misses the Net.
11:00 of 2nd period - Slapshot by Juraj Mikus.
11:00 of 2nd period - Goal by Juraj Mikus - Saguenéens : 2 - Sewer Rats : 3.
11:01 of 2nd period - Vincent Trocheck wins face-off versus Kyle Brodziak in neutral zone.
11:40 of 2nd period - Snap shot by Ville Leino.
11:40 of 2nd period - Stopped by Martin Jones with a rebound.
11:42 of 2nd period - Slapshot by Joel Edmundson.
11:42 of 2nd period - Shot Blocked by Juraj Mikus.
11:56 of 2nd period - Wrist shot by Nick Cousins.
11:56 of 2nd period - Stopped by Martin Jones with a rebound.
12:02 of 2nd period - John Ramage is hit by Juraj Mikus and loses puck.
12:07 of 2nd period - Snap shot by Juraj Mikus.
12:07 of 2nd period - Shot Misses the Net.
12:17 of 2nd period - Wrist shot by Juraj Mikus.
12:17 of 2nd period - Shot Misses the Net.
12:19 of 2nd period - Slapshot by Bobby Sanguinetti.
12:19 of 2nd period - Shot Blocked by Ryan Murphy.
12:21 of 2nd period - Snap shot by Tobias Rieder.
12:21 of 2nd period - Shot Blocked by John Ramage.
12:43 of 2nd period - Slapshot by Juraj Mikus.
12:43 of 2nd period - Stopped by Marek Mazanek with a rebound.
12:45 of 2nd period - Wrist shot by Teemu Pulkkinen.
12:45 of 2nd period - Stopped by Marek Mazanek without a rebound.
12:46 of 2nd period - Kyle Brodziak wins face-off versus Vincent Trocheck in Sewer Rats zone.
12:54 of 2nd period - Minor Penalty to Jonathan Huberdeau for Roughing.
12:55 of 2nd period - Ville Leino wins face-off versus Kyle Brodziak in Sewer Rats zone.
13:51 of 2nd period - Luke Witkowski is hit by Jarred Tinordi and loses puck.
14:51 of 2nd period - Icing by Craig Cunningham.
14:52 of 2nd period - Juraj Mikus wins face-off versus Ville Leino in Saguenéens zone.
14:54 of 2nd period - Penalty to Jonathan Huberdeau is over, Jonathan Huberdeau is back on ice.
15:11 of 2nd period - Wrist shot by Rhett Rakhshani.
15:11 of 2nd period - Stopped by Marek Mazanek with a rebound.
15:29 of 2nd period - Slapshot by Jerry D'Amigo.
15:29 of 2nd period - Shot Blocked by Steven Kampfer.
15:31 of 2nd period - Slapshot by Mike Sauer.
15:31 of 2nd period - Deflect By Myles Bell.
15:31 of 2nd period - Deflect By Jonathan Huberdeau.
15:31 of 2nd period - Shot Misses the Net.
15:31 of 2nd period - Puck is out of play.
15:32 of 2nd period - William Karlsson wins face-off versus Nathan MacKinnon in Sewer Rats zone.
16:21 of 2nd period - Minor Penalty to Myles Bell for Interference.
16:22 of 2nd period - Kyle Brodziak wins face-off versus Jonathan Marchessault in Saguenéens zone.
16:35 of 2nd period - Slapshot by Steven Kampfer.
16:35 of 2nd period - Shot Blocked by Kyle Brodziak.
16:37 of 2nd period - Slapshot by Erik Condra.
16:37 of 2nd period - Shot Misses the Net.
18:19 of 2nd period - Mikhail Grigorenko is hit by Daniel Carr and loses puck.
18:21 of 2nd period - Penalty to Myles Bell is over, Myles Bell is back on ice.
18:31 of 2nd period - Minor Penalty to John Ramage for Holding.
18:32 of 2nd period - Juraj Mikus wins face-off versus Ville Leino in Sewer Rats zone.
Goals for this period are 2 for Saguenéens vs 1 for Sewer Rats.
Shots for this period are 9 for Saguenéens vs 6 for Sewer Rats.
3rd period
0:01 of 3rd period - Kyle Brodziak wins face-off versus Ville Leino in neutral zone.
0:31 of 3rd period - Penalty to John Ramage is over, John Ramage is back on ice.
0:53 of 3rd period - Slapshot by Steven Kampfer.
0:53 of 3rd period - Shot Misses the Net.
0:55 of 3rd period - Snap shot by Steven Kampfer.
0:55 of 3rd period - Shot Blocked by Seth Jones.
0:57 of 3rd period - Snap shot by Matt Lashoff.
0:57 of 3rd period - Deflect By Nick Cousins.
0:57 of 3rd period - Shot Hit the Post.
0:57 of 3rd period - Puck is out of play.
0:58 of 3rd period - Kyle Brodziak wins face-off versus Nick Cousins in Saguenéens zone.
1:10 of 3rd period - Backhand shot by Kyle Brodziak.
1:10 of 3rd period - Shot Blocked by Jarred Tinordi.
1:12 of 3rd period - Snap shot by Luke Witkowski.
1:12 of 3rd period - Stopped by Marek Mazanek with a rebound.
1:14 of 3rd period - Backhand shot by Bobby Sanguinetti.
1:14 of 3rd period - Stopped by Marek Mazanek with a rebound.
2:15 of 3rd period - Slapshot by William Karlsson.
2:15 of 3rd period - Deflect By Erik Condra.
2:15 of 3rd period - Shot Blocked by Nick Mattson.
2:15 of 3rd period - Puck is out of play.
2:16 of 3rd period - William Karlsson wins face-off versus Juraj Mikus in Saguenéens zone.
2:17 of 3rd period - Slapshot by Erik Condra.
2:17 of 3rd period - Shot Misses the Net.
2:19 of 3rd period - Snap shot by Daniel Carr.
2:19 of 3rd period - Goal by Daniel Carr - Saguenéens : 2 - Sewer Rats : 4.
2:19 of 3rd period - Joe Cannata enters game.
2:20 of 3rd period - Kyle Brodziak wins face-off versus Vincent Trocheck in neutral zone.
3:12 of 3rd period - Wrist shot by Tanner Richard.
3:12 of 3rd period - Stopped by Marek Mazanek without a rebound.
3:13 of 3rd period - Vincent Trocheck wins face-off versus Kyle Brodziak in Sewer Rats zone.
3:13 of 3rd period - Vincent Trocheck is hit by Craig Cunningham.
3:19 of 3rd period - Mike Sauer is hit by Mark Mancari.
4:07 of 3rd period - Snap shot by Erik Condra.
4:07 of 3rd period - Shot Misses the Net.
4:09 of 3rd period - Wrist shot by Daniel Carr.
4:09 of 3rd period - Shot Misses the Net.
4:45 of 3rd period - Snap shot by Mark Mancari.
4:45 of 3rd period - Shot Misses the Net.
4:47 of 3rd period - Snap shot by Jonathan Huberdeau.
4:47 of 3rd period - Stopped by Joe Cannata without a rebound.
4:48 of 3rd period - Kyle Brodziak wins face-off versus Jonathan Marchessault in Saguenéens zone.
5:01 of 3rd period - Slapshot by Craig Cunningham.
5:01 of 3rd period - Stopped by Marek Mazanek without a rebound.
5:02 of 3rd period - Vincent Trocheck wins face-off versus Kyle Brodziak in Sewer Rats zone.
5:02 of 3rd period - Vincent Trocheck is hit by Craig Cunningham.
5:37 of 3rd period - Snap shot by Juraj Mikus.
5:37 of 3rd period - Goal by Juraj Mikus - Saguenéens : 3 - Sewer Rats : 4.
5:38 of 3rd period - Mark Mancari wins face-off versus Kyle Brodziak in neutral zone.
5:43 of 3rd period - Slapshot by Mark Mancari.
5:43 of 3rd period - Shot Misses the Net.
5:45 of 3rd period - Snap shot by Matt Lashoff.
5:45 of 3rd period - Shot Misses the Net.
5:47 of 3rd period - Wrist shot by Jonathan Huberdeau.
5:47 of 3rd period - Shot Misses the Net.
5:49 of 3rd period - Snap shot by Mark Mancari.
5:49 of 3rd period - Shot Misses the Net.
5:51 of 3rd period - Snap shot by Vincent Trocheck.
5:51 of 3rd period - Shot Misses the Net.
5:53 of 3rd period - Slapshot by Steven Kampfer.
5:53 of 3rd period - Stopped by Joe Cannata without a rebound.
5:54 of 3rd period - Jonathan Marchessault wins face-off versus Juraj Mikus in Saguenéens zone.
5:59 of 3rd period - Snap shot by Ville Leino.
5:59 of 3rd period - Deflect By Bobby Sanguinetti.
5:59 of 3rd period - Shot Misses the Net.
5:59 of 3rd period - Puck is out of play.
6:00 of 3rd period - Juraj Mikus wins face-off versus Jonathan Marchessault in Saguenéens zone.
6:02 of 3rd period - Minor Penalty to Dalton Prout for High sticking.
6:03 of 3rd period - Kyle Brodziak wins face-off versus Vincent Trocheck in Saguenéens zone.
8:02 of 3rd period - Penalty to Dalton Prout is over, Dalton Prout is back on ice.
8:14 of 3rd period - Snap shot by Rhett Rakhshani.
8:14 of 3rd period - Stopped by Marek Mazanek without a rebound.
8:15 of 3rd period - Nick Cousins wins face-off versus Nathan MacKinnon in Sewer Rats zone.
8:24 of 3rd period - Wrist shot by Dmitrij Jaskin.
8:24 of 3rd period - Goal by Dmitrij Jaskin - Saguenéens : 3 - Sewer Rats : 5.
8:25 of 3rd period - Kyle Brodziak wins face-off versus Vincent Trocheck in neutral zone.
8:28 of 3rd period - Slapshot by Seth Jones.
8:28 of 3rd period - Stopped by Marek Mazanek with a rebound.
8:56 of 3rd period - Snap shot by Ville Leino.
8:56 of 3rd period - Shot Blocked by Juraj Mikus.
9:39 of 3rd period - Snap shot by Rhett Rakhshani.
9:39 of 3rd period - Shot Misses the Net.
9:41 of 3rd period - Snap shot by Bobby Sanguinetti.
9:41 of 3rd period - Stopped by Marek Mazanek without a rebound.
9:42 of 3rd period - Tanner Richard wins face-off versus Nick Cousins in Sewer Rats zone.
9:55 of 3rd period - Snap shot by Anthony Duclair.
9:55 of 3rd period - Stopped by Joe Cannata without a rebound.
9:56 of 3rd period - Kyle Brodziak wins face-off versus Vincent Trocheck in Saguenéens zone.
10:06 of 3rd period - Minor Penalty to Joel Edmundson for Holding.
10:07 of 3rd period - Kyle Brodziak wins face-off versus Ville Leino in Sewer Rats zone.
10:20 of 3rd period - Snap shot by Kyle Brodziak.
10:20 of 3rd period - Stopped by Marek Mazanek without a rebound.
10:21 of 3rd period - Kyle Brodziak wins face-off versus Ville Leino in Sewer Rats zone.
10:29 of 3rd period - Icing by Craig Cunningham.
10:30 of 3rd period - Kyle Brodziak wins face-off versus Mark Mancari in Saguenéens zone.
10:35 of 3rd period - Snap shot by Kyle Brodziak.
10:35 of 3rd period - Shot Blocked by Matt Lashoff.
10:47 of 3rd period - Backhand shot by Luke Witkowski.
10:47 of 3rd period - Shot Misses the Net.
10:49 of 3rd period - Slapshot by Bobby Sanguinetti.
10:49 of 3rd period - Deflect By Kyle Brodziak.
10:49 of 3rd period - Shot Misses the Net.
10:49 of 3rd period - Puck is out of play.
10:50 of 3rd period - Mark Mancari wins face-off versus Juraj Mikus in Sewer Rats zone.
11:11 of 3rd period - Jonathan Huberdeau is hit by Craig Cunningham and loses puck.
12:06 of 3rd period - Penalty to Joel Edmundson is over, Joel Edmundson is back on ice.
12:20 of 3rd period - Snap shot by Rhett Rakhshani.
12:20 of 3rd period - Shot Misses the Net.
12:22 of 3rd period - Snap shot by Nathan MacKinnon.
12:22 of 3rd period - Shot Blocked by Anthony Duclair.
12:24 of 3rd period - Slapshot by Rhett Rakhshani.
12:24 of 3rd period - Goal by Rhett Rakhshani - Saguenéens : 4 - Sewer Rats : 5.
12:25 of 3rd period - Kyle Brodziak wins face-off versus Vincent Trocheck in neutral zone.
12:46 of 3rd period - Minor Penalty to Kyle Brodziak for Hooking.
12:47 of 3rd period - Vincent Trocheck wins face-off versus Mikhail Grigorenko in Saguenéens zone.
12:54 of 3rd period - Snap shot by Mark Mancari.
12:54 of 3rd period - Shot Misses the Net.
13:34 of 3rd period - Slapshot by Craig Cunningham.
13:34 of 3rd period - Goal by Craig Cunningham - Saguenéens : 5 - Sewer Rats : 5.
13:35 of 3rd period - Vincent Trocheck wins face-off versus Mikhail Grigorenko in neutral zone.
14:04 of 3rd period - Backhand shot by Jonathan Marchessault.
14:04 of 3rd period - Shot Blocked by Luke Witkowski.
14:06 of 3rd period - Backhand shot by Erik Condra.
14:06 of 3rd period - Shot Blocked by Luke Witkowski.
14:08 of 3rd period - Wrist shot by Erik Condra.
14:08 of 3rd period - Shot Blocked by Luke Witkowski.
14:10 of 3rd period - Snap shot by Jonathan Marchessault.
14:10 of 3rd period - Shot Misses the Net.
14:46 of 3rd period - Penalty to Kyle Brodziak is over, Kyle Brodziak is back on ice.
14:52 of 3rd period - Snap shot by Kyle Brodziak.
14:52 of 3rd period - Shot Blocked by Dmitrij Jaskin.
14:54 of 3rd period - Slapshot by Dalton Prout.
14:54 of 3rd period - Stopped by Marek Mazanek with a rebound.
14:56 of 3rd period - Slapshot by Dalton Prout.
14:56 of 3rd period - Deflect By Tobias Rieder.
14:56 of 3rd period - Stopped by Marek Mazanek without a rebound.
14:57 of 3rd period - William Karlsson wins face-off versus Juraj Mikus in Sewer Rats zone.
15:22 of 3rd period - Ryan Murphy is hit by Kerby Rychel and loses puck.
16:20 of 3rd period - Icing by Jake McCabe.
16:21 of 3rd period - Juraj Mikus wins face-off versus William Karlsson in Saguenéens zone.
16:36 of 3rd period - Nick Mattson is hit by Daniel Carr and loses puck.
16:48 of 3rd period - Off-side.
16:49 of 3rd period - Vincent Trocheck wins face-off versus Nathan MacKinnon in neutral zone.
16:52 of 3rd period - Snap shot by Mark Mancari.
16:52 of 3rd period - Shot Misses the Net.
16:58 of 3rd period - Wrist shot by Jonathan Huberdeau.
16:58 of 3rd period - Shot Misses the Net.
17:35 of 3rd period - Slapshot by Ville Leino.
17:35 of 3rd period - Stopped by Joe Cannata with a rebound.
17:37 of 3rd period - Slapshot by Jarred Tinordi.
17:37 of 3rd period - Deflect By Jonathan Marchessault.
17:37 of 3rd period - Stopped by Joe Cannata with a rebound.
17:39 of 3rd period - Snap shot by Jonathan Marchessault.
17:39 of 3rd period - Shot Misses the Net.
17:41 of 3rd period - Snap shot by Jonathan Marchessault.
17:41 of 3rd period - Shot Misses the Net.
17:45 of 3rd period - Wrist shot by Ville Leino.
17:45 of 3rd period - Shot Misses the Net.
18:12 of 3rd period - Off-side.
18:13 of 3rd period - Jonathan Marchessault wins face-off versus Kyle Brodziak in neutral zone.
18:32 of 3rd period - Icing by Seth Jones.
18:33 of 3rd period - Kyle Brodziak wins face-off versus Vincent Trocheck in Saguenéens zone.
18:47 of 3rd period - Icing by Craig Cunningham.
18:48 of 3rd period - Kyle Brodziak wins face-off versus William Karlsson in Saguenéens zone.
18:55 of 3rd period - Slapshot by Seth Jones.
18:55 of 3rd period - Stopped by Marek Mazanek without a rebound.
18:56 of 3rd period - Nathan MacKinnon wins face-off versus William Karlsson in Sewer Rats zone.
19:49 of 3rd period - Ville Leino is hit by Teemu Pulkkinen and loses puck.
19:59 of 3rd period - Icing by Teemu Pulkkinen.
Goals for this period are 3 for Saguenéens vs 2 for Sewer Rats.
Shots for this period are 14 for Saguenéens vs 7 for Sewer Rats.
Overtime #1
0:01 of 1st overtime period - Ville Leino wins face-off versus Kyle Brodziak in neutral zone.
0:16 of 1st overtime period - Snap shot by Dalton Prout.
0:16 of 1st overtime period - Shot Misses the Net.
0:51 of 1st overtime period - Snap shot by Juraj Mikus.
0:51 of 1st overtime period - Shot Misses the Net.
0:53 of 1st overtime period - Snap shot by Juraj Mikus.
0:53 of 1st overtime period - Goal by Juraj Mikus - Saguenéens : 6 - Sewer Rats : 5.
Goals for this period are 1 for Saguenéens vs 0 for Sewer Rats.
Shots for this period are 1 for Saguenéens vs 0 for Sewer Rats.
Back to the Top